AoeStats
← Preston

Arabian Desert

510244725Analyzed
1v1 RM · 1d ago on Sep 30, 2026· 46m 28s· 2 players
Game mode
Random Map
Map size
Tiny (2 player)
Population
200
Speed
Normal
Resources
Standard
Victory
Conquest
Starting age
Dark Age
Ending age
Imperial Age
RankedLock teamsTeams togetherTeam positionsShared explorationLock speedFull tech treeHidden civsTurbo modeCheats
Victory
Defeat
🇫🇷 Magyars · France
1290
+16
🇵🇪 Saxons · Peru
1286
-16
tonyascecas
6:15 Loom
9:25 Feudal Age
9:35 Man-at-Arms
10:02 Double-Bit Axe
12:11 Horse Collar
18:01 Fletching
22:25 Castle Age
20:58 Padded Archer Armor
23:07 Forging
22:29 Crossbowman
25:01 Leather Archer Armor
26:47 Bloodlines
27:04 Bow Saw
26:56 Heavy Plow
27:31 Husbandry
28:34 Bodkin Arrow
32:02 Thumb Ring
32:21 Ballistics
32:59 Scale Barding Armor
34:13 Light Cavalry
35:35 Town Watch
36:02 Squires
37:46 Pikeman
38:12 Arson
44:22 Imperial Age
41:44 Gambesons
44:53 Scale Mail Armor
45:29 Iron Casting
45:29 Chain Barding Armor
45:30 Cranequins
Preston
5:49 Loom
9:04 Feudal Age
9:35 Double-Bit Axe
14:38 Horse Collar
22:52 Castle Age
21:00 Scale Barding Armor
21:40 Bloodlines
21:43 Gold Mining
22:21 Fletching
23:36 Padded Archer Armor
23:15 Elite Skirmisher
23:55 Bodkin Arrow
27:51 Wheelbarrow
27:35 Town Watch
31:14 Town Watch
31:38 Husbandry
32:41 Fervor
33:14 Ballistics
32:36 Light Cavalry
34:29 Thumb Ring
35:20 Bow Saw
35:33 Sanctity
35:39 Stone Mining
36:12 Chain Barding Armor
36:50 Heavy Plow
39:09 Leather Archer Armor
42:32 Imperial Age
42:07 Masonry
41:53 Murder Holes
42:04 Corvinian Army
42:36 Cavalier
43:54 Plate Barding Armor
43:48 Conscription
43:54 Block Printing
44:04 Illumination
44:15 Theocracy
43:51 Bracer
45:30 Paladin
Connection lost

Rejoining the realm…

Still unreachable

The connection could not be restored.

Session expired

The server has moved on; the page needs a fresh start.